 Dungeon Sprint DCSS version 0.17-a0-1562-g9b2c768 (console) character file.

163 FIQ the Covered (level 5, -8/44 HPs)
             Began as a Demonspawn Gladiator on July 21, 2015.
             Was the Champion of Jiyva.
             Killed from afar by a deep elf mage (18 damage)
             ... with a stone arrow
             ... in the Dungeon (Sprint IX: "|||||||||||||||||||||||||||||").
             The game lasted 00:03:00 (339 turns).

FIQ the Covered (Demonspawn Gladiator)               Turns: 339, Time: 00:03:00

Health: -8/44      AC: 12    Str: 19    XL:     5   Next: 20%
Magic:  5/5        EV: 14    Int: 10    God:    Jiyva [******]
Gold:   0          SH:  0    Dex: 13    Spells: 0 memorised, 4 levels left

rFire  . . .     SeeInvis .     p - +2 morningstar (crush)
rCold  . . .     Clarity  .     r - +2 ring mail
rNeg   . . .     SustAt   .     (no shield)
rPois  .         Gourm    .     o - +0 helmet
rElec  .         Spirit   .     (no cloak)
rCorr  +         Warding  .     q - +0 pair of gloves
rMut   .         NoTele   +     (no boots)
MR     .....                    (no amulet)
Stlth  +.........               t - +2 ring of evasion
                                s - +3 ring of strength

@: not resistant to hostile enchantments, very unstealthy
A: acidic bite, eyeballs 1, gelatinous body 1, rot immunity
a: Request Jelly, Jelly Paralyse, Slimify, Cure Bad Mutation, Renounce Religion


You were in the Dungeon.
You worshipped Jiyva.
Jiyva was exalted by your worship.
You were not hungry.

You visited 1 branch

Inventory:

Hand weapons
 p - a +2 morningstar of crushing (weapon)
Missiles
 d - 3 throwing nets (quivered)
Armour
 o - a +0 helmet (worn)
 q - a +0 pair of gloves (worn)
 r - a +2 ring mail (worn)
Jewellery
 s - a +3 ring of strength (left hand)
 t - a +2 ring of evasion (right hand)
Magical devices
 n - a wand of draining (7)
Scrolls
 j - 3 scrolls of remove curse
 k - 2 scrolls of blinking
 m - 2 scrolls of amnesia
Potions
 f - 5 potions of curing
 g - a potion of invisibility
 h - 2 potions of heal wounds
 i - 4 potions of magic
Comestibles
 e - a bread ration


   Skills:
 + Level 5.4 Fighting
 + Level 5.6 Maces & Flails
 - Level 1.9 Throwing
 * Level 6.4 Armour
 - Level 3.1 Dodging


You had 4 spell levels left.
You didn't know any spells.

Dungeon Overview and Level Annotations

Branches:
Dungeon (1/1)

Altars:
Cheibriados
Dithmenos
Elyvilon
Fedhas
Gozag
Kikubaaqudgha
Makhleb
Nemelex Xobeh
Okawaru
Qazlal
Ru
Sif Muna
Trog
Vehumet
Xom
Yredelemnul
Zin
The Shining One
Beogh
Jiyva
Lugonu


Innate Abilities, Weirdness & Mutations

You are immune to rotting.
You have acidic saliva.
Your body is partially covered in golden eyeballs (Acc +3).
Your rubbery body absorbs attacks (AC +1).


Message History

You shudder from the blast and a jelly pops out!
The crimson imp blinks!
You closely miss the deep elf mage.
The deep elf mage is severely wounded.
The deep elf mage closely misses you.
You closely miss the deep elf mage. Your bite misses the deep elf mage.
The deep elf mage is severely wounded.
The deep elf mage points at you and mumbles some strange words.
The stone arrow hits you!
* * * LOW HITPOINT WARNING * * *
You shudder from the blast and a jelly pops out!
You completely miss the deep elf mage. Your bite misses the deep elf mage.
The deep elf mage is severely wounded.
The deep elf mage hits you but does no damage.
You hit the deep elf mage but do no damage.
The deep elf mage is severely wounded.
The deep elf mage completely misses you.
The deep elf mage points at you and mumbles some strange words.
The stone arrow hits you!
You die...

▓.▓
▓.▓
▓.▓
▓.▓
▓'▓
▓.▓
▓.▓
▓.▓
▓J▓
▓J▓
▓@▓
▓e▓
▓Z▓
▓O▓
▓Y▓
▓T▓
▓5▓
▓.▓


You could see a yak, a troll, a deep elf mage, an ogre, a crimson imp, a giant
gecko skeleton, a friendly azure jelly and a friendly death ooze.

Vanquished Creatures
  A scorpion (D)
  A hound (D)
  2 iguanas (D)
  A gnoll (D)
  2 shadow imps (D)
  A bat zombie (D)
  A giant cockroach (D)
  A hobgoblin (D)
  A jackal (D)
  A giant gecko zombie (D)
  A giant newt (D)
  3 goblins (D)
16 creatures vanquished.

Vanquished Creatures (others)
  A jelly (D)
1 creature vanquished.

Grand Total: 17 creatures vanquished

Notes
Turn   | Place    | Note
--------------------------------------------------------------
     0 | D        | FIQ the Demonspawn Gladiator began the quest for the Orb.
     0 | D        | Reached XP level 1. HP: 16/16 MP: 1/1
    10 | D        | Reached skill level 3 in Maces & Flails
    35 | D        | Noticed an iguana
    35 | D        | Noticed a scorpion
    35 | D        | Noticed a hound
    44 | D        | Gained mutation: You are immune to rotting. [demonic ancestry]
    44 | D        | Reached XP level 2. HP: 13/23 MP: 2/2
    47 | D        | Killed an iguana
    47 | D        | Reached skill level 4 in Maces & Flails
    47 | D        | Reached XP level 3. HP: 4/29 MP: 3/3
    61 | D        | Killed a scorpion
    61 | D        | Reached XP level 4. HP: 30/38 MP: 4/4
    66 | D        | Killed a hound
    66 | D        | Reached skill level 5 in Maces & Flails
    66 | D        | Reached skill level 5 in Armour
    79 | D        | Found a glowing silver altar of Zin.
    79 | D        | Found a glowing golden altar of the Shining One.
    79 | D        | Found an ancient bone altar of Kikubaaqudgha.
    79 | D        | Found a basalt altar of Yredelemnul.
    79 | D        | Found a shimmering altar of Xom.
    79 | D        | Found a radiant altar of Vehumet.
    80 | D        | Found an iron altar of Okawaru.
    81 | D        | Found a burning altar of Makhleb.
    82 | D        | Found a deep blue altar of Sif Muna.
    83 | D        | Found a bloodstained altar of Trog.
    84 | D        | Found a sparkling altar of Nemelex Xobeh.
    85 | D        | Found a white marble altar of Elyvilon.
    86 | D        | Found a roughly hewn altar of Beogh.
    87 | D        | Found a viscous altar of Jiyva.
    88 | D        | Found a corrupted altar of Lugonu.
    89 | D        | Found a blossoming altar of Fedhas.
    90 | D        | Found a snail-covered altar of Cheibriados.
    91 | D        | Found a shadowy altar of Dithmenos.
    92 | D        | Found a stormy altar of Qazlal.
    93 | D        | Found an opulent altar of Gozag.
    94 | D        | Found a sacrificial altar of Ru.
    95 | D        | Became a worshipper of Jiyva Jemac the Shapeless
   137 | D        | Acquired Jiyva's first power
   140 | D        | Acquired Jiyva's second power
   140 | D        | Gained mutation: You have acidic saliva. [Jiyva's grace]
   140 | D        | Acquired Jiyva's third power
   140 | D        | Acquired Jiyva's fourth power
   140 | D        | Gained mutation: Your rubbery body absorbs attacks (AC +1). [Jiyva's grace]
   302 | D        | Gained mutation: Your mind is acute. (Int +2) [Jiyva's grace]
   305 | D        | Noticed an iguana
   312 | D        | Reached skill level 5 in Fighting
   315 | D        | Killed an iguana
   315 | D        | Reached skill level 6 in Armour
   315 | D        | Reached XP level 5. HP: 38/44 MP: 5/5
   327 | D        | Lost mutation: Your mind is acute. (Int +2) [Jiyva's grace]
   327 | D        | Gained mutation: Your body is partially covered in golden eyeballs (Acc +3). [Jiyva's grace]
   332 | D        | Noticed a deep elf mage
   332 | D        | Noticed a crimson imp
   332 | D        | Noticed an ogre
   332 | D        | Noticed a yak
   332 | D        | Noticed a troll
   339 | D        | Killed from afar by a deep elf mage

Vault maps used:
D:        linesprint

Action                   |  1- 3 |  4- 6 || total
-------------------------+-------+-------++-------
Melee: Flail             |    40 |     5 ||    45
       Morningstar       |       |    20 ||    20
  Use: Potion            |     3 |       ||     3
